 Dungeon Crawl Stone Soup version 0.31-a0-1074-g0b22e4e0f1 (webtiles) character file.

Game seed: 10620188239530756975

70961 quinnr the Stormcaller (level 15, -1/97 HPs)
             Began as a Tengu Air Elementalist on Nov 27, 2023.
             Was a High Priest of Vehumet.
             Shot with an arrow by Nessos (4 damage)
             ... on level 2 of the Orcish Mines on Nov 30, 2023.
             The game lasted 01:13:13 (40075 turns).

quinnr the Stormcaller (Tengu Air Elementalist)    Turns: 40075, Time: 01:13:14

Health: -1/97      AC:  9    Str:  9    XL:     15   Next: 35%
Magic:  1/28       EV: 19    Int: 22    God:    Vehumet [*****.]
Gold:   1570       SH:  0    Dex: 15    Spells: 1/30 levels left

rFire   . . .        M - +3 dagger (venom)
rCold   . . .        (no shield)
rNeg    . . .        r - +2 robe {Will+}
rPois   .            (helmet restricted)
rElec   .            (no cloak)
rCorr   .            S - +0 pair of gloves
SInv    .            (boots unavailable)
Will    +++..        l - amulet of faith {!P}
Stlth   ++           W - ring of willpower
HPRegen 0.36/turn    T - +4 ring of protection
MPRegen 0.21/turn

%: acrobat, faith
@: lethally poisoned (-1 -> -38), swift, flying, very quick
A: beak, talons 3, evasive flight, acrobatic
a: Renounce Religion


You were on level 2 of the Orcish Mines.
You worshipped Vehumet.
Vehumet was extremely pleased with you.
You visited 4 branches of the dungeon, and saw 19 of its levels.

You collected 1570 gold pieces.


Innate Abilities, Weirdness & Mutations

You have a beak for a mouth.
You have claws for feet.
Your magical flight helps you evade attacks. (EV +4)
You can magically evade attacks while moving or waiting.


   Skills:
 + Level 12.8 Fighting
 - Level 1.9 Throwing
 - Level 7.0 Dodging
 - Level 2.0 Stealth
 - Level 8.0 Spellcasting
 + Level 16.8 Conjurations
 - Level 4.6 Fire Magic
 + Level 19.4 Air Magic
 - Level 5.0 Earth Magic
 - Level 1.0 Evocations


You had one spell level left.
You knew the following spells:

 Your Spells              Type           Power      Damage    Failure   Level
a - Airstrike             Air            38%        2d(6-22)  1%          4
b - Iskenderun's Battles  Conj           70%        2d12      1%          5
d - Orb of Destruction    Conj           35%        9d10      1%          7
i - Swiftness             Air            76%        N/A       0%          3
t - Static Discharge      Conj/Air       100%       3-8/arc   0%          2
w - Stone Arrow           Conj/Erth      100%       3d13      1%          3
z - Shock                 Conj/Air       100%       1d9       0%          1
X - Flame Wave            Conj/Fire      54%        2d13      1%          4

Your spell library contained the following spells:

 Spells                   Type           Power      Damage    Failure   Level
 Eringya's Noxious Bog    Tmut/Pois      4%         4d6       93%         6
 Magic Dart               Conj           100%       1d8       0%          1
 Searing Ray              Conj           100%       2d8       0%          2
 Hailstorm                Conj/Ice       45%        3d10      1%          3
 Fulminant Prism          Conj/Hex       22%        3d12      1%          4
 Iskenderun's Mystic Bla  Conj/Tloc      45%        2d10      1%          4
 Sticky Flame             Conj/Fire      54%        2d7       1%          4
 Inner Flame              Hex/Fire       18%        N/A       2%          3
 Volatile Blastmotes      Fire/Tloc      36%        2d13      2%          3
 Frozen Ramparts          Ice            16%        1d3       6%          3
 Ozocubu's Armour         Ice            8%         N/A       22%         3
 Summon Guardian Golem    Hex/Summ       8%         N/A       22%         3
 Petrify                  Tmut/Erth      19%        N/A       26%         4
 Spellforged Servitor     Conj/Summ      22%        N/A       43%         7
 Summon Ice Beast         Ice/Summ       8%         N/A       58%         4
 Metabolic Englaciation   Hex/Ice        4%         N/A       90%         5
 Summon Mana Viper        Hex/Summ       8%         N/A       90%         5
 Simulacrum               Ice/Necr       4%         N/A       100%        6
 Malign Gateway           Summ/Tloc      4%         N/A       100%        7
 Monstrous Menagerie      Summ           4%         N/A       100%        7
 Ozocubu's Refrigeration  Ice            4%         4d8       100%        7
 Summon Horrible Things   Summ           4%         N/A       100%        8

Inventory:

Hand Weapons
 a - a +2 dagger of draining
 M - a +3 dagger of venom (weapon)
 X - a +3 dagger
Missiles
 f - 14 boomerangs
 o - 12 javelins
 H - 6 darts of dispersal {=f}
 P - 5 atropa-tipped darts
Armour
 r - a +2 robe of willpower (worn)
 D - a +1 robe of positive energy
 S - a +0 pair of gloves (worn)
Magical Staves
 b - a staff of poison {!a}
 I - a staff of conjuration {!a}
 K - the staff "Juiduowo" {rElec rF+ Will+ Str-4 Fire Earth, !a}
   (You found it on level 8 of the Dungeon)

   [staff of fire]

   Base accuracy: +5 Base damage: 5 Base attack delay: 1.2 This weapon's minimum
   attack delay (0.6) is reached at skill level 12.
   Str-4:     It affects your strength (-4).
   rF+:       It protects you from fire.
   rElec:     It insulates you from electricity.
   Will+:     It increases your willpower.
   Fire:      It increases the power of your Fire spells.
   Earth:     It increases the power of your Earth spells.
   It falls into the 'Staves' category.
   It is a one-handed weapon.
Jewellery
 l - an amulet of faith (around neck) {!P}
 v - a ring of see invisible
 w - a ring of willpower
 F - a ring of protection from fire
 N - a ring of positive energy
 T - a +4 ring of protection (right hand)
 W - a ring of willpower (left hand)
Wands
 p - a wand of light (8)
 s - a wand of polymorph (29)
 E - a wand of flame (82)
 G - a wand of roots (14)
 O - a wand of mindburst (3)
 V - a wand of digging (4)
 Y - a wand of paralysis (3)
Scrolls
 c - 2 scrolls of fog
 e - 4 scrolls of blinking {unknown}
 i - 3 scrolls of enchant weapon {unknown}
 j - a scroll of poison
 m - 4 scrolls of torment
 n - 3 scrolls of immolation
 q - a scroll of teleportation {@r2}
 t - a scroll of fear
 y - 11 scrolls of revelation
 Z - a scroll of enchant armour
Potions
 d - 7 potions of mutation
 g - 3 potions of curing {@q1}
 h - 3 potions of might
 k - 2 potions of invisibility
 u - 3 potions of magic
 z - a potion of ambrosia
 A - a potion of resistance
 B - 3 potions of lignification
 C - a potion of berserk rage {!q}
 L - 5 potions of heal wounds {@q2}
 Q - a potion of haste {@q3}
 R - a potion of brilliance
 U - 2 potions of cancellation
Miscellaneous
 x - a phantom mirror
 J - a phial of floods (inert)

Dungeon Overview and Level Annotations

Branches:
Dungeon (11/15)            Temple (1/1) D:5            Lair (5/5) D:9
 Shoals (0/4) Lair:2        Snake (0/4) Lair:3        Slime (0/5) Lair:4
    Orc (2/2) D:11
    Elf: Orc:2

Altars:
Ashenzari
Cheibriados
Dithmenos
Elyvilon
Fedhas
Gozag
Hepliaklqana
Kikubaaqudgha
Makhleb
Nemelex Xobeh
Okawaru
Qazlal
Ru
Sif Muna
Trog
Uskayaw
Vehumet
Wu Jian
Xom
Yredelemnul
Zin
The Shining One

Shops:
D:5 (

Annotations:
D:8 exclusion: downstairs
D:9 exclusion: upstairs
Lair:3 exclusion: downstairs
Lair:4 exclusion: upstairs
Orc:1 3 runed translucent doors, Geivij's ghost, journeyman TeDe
Orc:2 Nessos

#......................
##............).....#..
##.....<......).#....
#..............####.#
##....c..........# #
##...#......#....##
#.............#...#
#..............#.##
##....###..@#.#..##
##..##...........#.###
#.......○.°.........#
##.##..§.°...##.#....#
#######.#..## ## #.##
#...### # ##..## #...#
##.##


You could see Nessos (fast).


Message History

* * * LOW HITPOINT WARNING * * *
Unknown command.
Unknown command.
Casting: Orb of Destruction (dangerous; 1% risk of failure)
Confirm with . or Enter, or press ? or * to list all spells.
Aiming: Airstrike (safe; 1% risk of failure)
Press: ? - help, Dir - move target, f/p - Nessos
Aim: Nessos, wielding a +1 longbow of flaming and wearing a +2 barding of fire resistance (almost dead, fast, empty space bonus: 6/8)
The air twists around and strikes Nessos!
Nessos is almost dead.
Nessos shoots an arrow.
The arrow hits you!!
* * * LOW HITPOINT WARNING * * *
The arrow burns you.
You are poisoned.
* * * LOW HITPOINT WARNING * * *
Nessos casts a spell.
Nessos blinks!
Casting: Airstrike (safe; 1% risk of failure)
Confirm with . or Enter, or press ? or * to list all spells.
Aiming: Airstrike (safe; 1% risk of failure)
Press: ? - help, Dir - move target, f/p - Nessos
Aim: Nessos, wielding a +1 longbow of flaming and wearing a +2 barding of fire resistance (almost dead, fast, empty space bonus: 8/8)
The air twists around and strikes Nessos but does no damage.
* * * LOW HITPOINT WARNING * * *
You feel very sick.
Nessos shoots an arrow.
The arrow hits you!
* * * LOW HITPOINT WARNING * * *
The arrow burns you.
You are more poisoned.
You die...

Skill      XL: |  1  2  3  4  5  6  7  8  9 10 11 12 13 14 15 |
---------------+----------------------------------------------+-----
Air Magic      | 5 6 7 8 10 11 13 14 16 17 19 | 19.4
Spellcasting   | 3 4 5 6 7 8 |  8.0
Conjurations   | 2 3 4 8 10 13 14 16 | 16.8
Fighting       | 1 2 4 5 7 9 10 11 12 | 12.8
Dodging        | 3 4 5 6 7 |  7.0
Evocations     | 1 |  1.0
Throwing       | 1 |  1.9
Earth Magic    | 3 5 |  5.0
Fire Magic     | 4 |  4.6
Stealth        | |  2.0

Action                     |  1- 3 |  4- 6 |  7- 9 | 10-12 | 13-15 || total
---------------------------+-------+-------+-------+-------+-------++-------
  Melee: Unarmed           |     7 |    14 |     5 |       |       ||    26
         Kick              |     3 |       |     3 |    25 |    42 ||    73
         Peck              |       |     2 |     1 |     9 |    32 ||    44
         Dagger            |       |       |       |    32 |    66 ||    98
         Staff             |       |       |       |     4 |    14 ||    18
         Punch             |       |       |       |       |     3 ||     3
   Cast: Shock             |    95 |   132 |   158 |   153 |    85 ||   623
         Static Discharge  |       |    10 |    22 |    65 |    37 ||   134
         Swiftness         |       |     1 |     7 |     6 |    22 ||    36
         Airstrike         |       |       |    41 |   240 |   486 ||   767
         Iskenderun's Batt |       |       |       |       |    48 ||    48
         Stone Arrow       |       |       |       |       |    76 ||    76
         Flame Wave        |       |       |       |       |     5 ||     5
         Orb of Destructio |       |       |       |       |    16 ||    16
  Evoke: Wand              |       |     1 |     6 |     3 |    16 ||    26
         Phial of floods   |       |       |       |     1 |     2 ||     3
    Use: Scroll            |       |     5 |     1 |     7 |    13 ||    26
         Potion            |       |       |       |     2 |     3 ||     5
   Stab: Distracted        |       |       |       |       |     1 ||     1
 Armour: Robe              |    14 |    40 |    55 |   174 |   241 ||   524
         Skin              |       |     1 |       |       |       ||     1
  Dodge: Dodged            |    24 |    45 |    78 |   237 |   412 ||   796

Levels and vault maps discovered:
D:1:      mrwooster_arrival_statue_2, layout_basic, serial_forest,
          infiniplex_forest_lined_corner, infiniplex_forest_end_1,
          infiniplex_forest_clump_curved, infiniplex_forest_end_2,
          infiniplex_forest_clump_curved
D:2:      layout_basic, uniq_robin
D:3:      layout_loops_ring, minmay_gold_behind_fungi, corexii_corridor_pit
D:4:      layout_loops_ring, serial_undead, serial_undead_b, serial_undead_d,
          serial_undead_f, serial_undead_e, serial_undead_a, serial_undead_f,
          uniq_natasha, uniq_ijyb
D:5:      layout_loops_cross, ashenzari_conservatory_becter,
          minmay_temple_entry_ruins, serial_shops, shop
D:6:      layout_loops_ring, lightli_temple_of_fire, grunt_gozag_statues,
          nicolae_houndstooth_variations, uniq_jeremiah
D:7:      layout_loops_ring, marbit_many_paths
D:8:      minmay_blocky_corners, layout_gridville, amcnicky_altar_gilded,
          nicolae_two_hexagons, nicolae_diode_stairs
D:9:      layout_cave_pools, erik_lair_orcish_takeover, serial_park_tiny_2,
          minmay_quadrilaterals
D:10:     layout_irregular_city, nicolae_uskayaw_dance_studio
D:11:     layout_loops_corners, david_orc_4, nicolae_tso_swordbearing_angel,
          uniq_gastronok
Temple:   nicolae_temple_elliptical
Lair:1:   layout_regular_city, uniq_amaemon
Lair:2:   layout_chaotic_city, minmay_shoals_entry_beasts, grunt_megastairs_1
Lair:3:   layout_hall_layers, dummy_snake_entry, grunt_forest_large_clearing_hut
Lair:4:   layout_roguey, nicolae_slime_entry_slimehenge
Lair:5:   hangedman_lair_tendril_chambers, layout_small_grid,
          guppyfry_lair_end_dragon, uniq_rupert, uniq_urug
Orc:1:    layout_caves, biasface_ghost_orc_armoury, nicolae_orc_tapped_out
Orc:2:    st_orc_rangers, layout_caves, serial_shops, nicolae_shop_mannequins,
          mines_bat_river, uniq_josephine, uniq_nessos

Notes
Turn   | Place    | Note
-------+----------+-------------------------------------------
     0 | D:1      | quinnr the Tengu Air Elementalist began the quest for the
                  | Orb.
     0 | D:1      | Reached XP level 1. HP: 10/10 MP: 4/4
   166 | D:1      | Reached XP level 2. HP: 15/15 MP: 3/6
   274 | D:1      | Reached skill level 5 in Air Magic
   690 | D:1      | Reached XP level 3. HP: 13/19 MP: 0/7
  1179 | D:2      | Reached skill level 6 in Air Magic
  1816 | D:2      | Learned a level 3 spell: Swiftness
  1992 | D:3      | Reached XP level 4. HP: 19/24 MP: 1/8
  2193 | D:2      | Noticed Robin
  2201 | D:2      | Killed Robin
  2202 | D:2      | Reached skill level 7 in Air Magic
  2299 | D:2      | Reached XP level 5. HP: 18/28 MP: 4/9
  2402 | D:2      | Learned a level 2 spell: Static Discharge
  3502 | D:3      | Reached skill level 8 in Air Magic
  3676 | D:3      | Reached skill level 3 in Spellcasting
  3676 | D:3      | Reached XP level 6. HP: 32/32 MP: 8/11
  4014 | D:4      | Reached skill level 2 in Conjurations
  4126 | D:4      | Noticed a black bear
  4286 | D:4      | Learned a level 4 spell: Airstrike
  4356 | D:4      | Reached skill level 1 in Fighting
  4547 | D:4      | Noticed Ijyb
  4577 | D:4      | Killed Ijyb
  4651 | D:4      | Reached skill level 3 in Dodging
  4651 | D:4      | Reached skill level 1 in Evocations
  4651 | D:4      | Gained mutation: Your magical flight helps you evade
                  | attacks. (EV +4) [Tengu growth]
  4651 | D:4      | Reached XP level 7. HP: 33/39 MP: 2/12
  4652 | D:4      | Reached skill level 2 in Fighting
  4652 | D:4      | Reached skill level 3 in Conjurations
  4939 | D:4      | Reached skill level 4 in Dodging
  4956 | D:4      | Reached skill level 9 in Air Magic
  5219 | D:5      | Entered Level 5 of the Dungeon
  5227 | D:5      | Reached skill level 10 in Air Magic
  5227 | D:5      | Reached XP level 8. HP: 35/44 MP: 6/13
  5294 | D:5      | Found a broken altar of Ashenzari.
  5356 | D:5      | Found a staircase to the Ecumenical Temple.
  5392 | Temple   | Entered the Ecumenical Temple
  5855 | D:5      | Reached skill level 4 in Spellcasting
  6072 | D:5      | Found Saynu's Antique Weapon Shoppe.
  6134 | D:5      | Reached skill level 11 in Air Magic
  6836 | D:6      | Reached skill level 3 in Fighting
  6957 | D:6      | You are sucked into a shaft and drop 1 floor!
  6975 | D:7      | Reached skill level 5 in Dodging
  7284 | D:7      | Reached skill level 4 in Fighting
  7284 | D:7      | Reached XP level 9. HP: 39/52 MP: 7/16
  7395 | D:7      | Reached skill level 6 in Dodging
  7965 | D:7      | Found a radiant altar of Vehumet.
  8289 | D:8      | Found a sacrificial altar of Ru.
  8490 | D:8      | Reached skill level 1 in Throwing
  8656 | D:7      | Became a worshipper of Vehumet
  8770 | D:8      | Reached skill level 5 in Spellcasting
  9019 | D:8      | Noticed an eight-headed hydra
  9019 | D:8      | Noticed a cyclops
  9049 | D:8      | Killed an eight-headed hydra
  9050 | D:8      | Reached skill level 4 in Conjurations
  9192 | D:8      | Found a transporter.
  9192 | D:8      | Found a transporter.
  9467 | D:8      | Noticed a troll
  9471 | D:8      | Killed a troll
  9591 | D:8      | Killed a cyclops
  9592 | D:8      | Reached skill level 5 in Fighting
  9592 | D:8      | Reached XP level 10. HP: 59/59 MP: 6/19
  9681 | D:8      | Reached skill level 5 in Conjurations
  9782 | D:8      | Reached skill level 7 in Dodging
  9782 | D:8      | Reached skill level 6 in Spellcasting
  9965 | D:8      | Noticed a two-headed ogre
  9973 | D:8      | Killed a two-headed ogre
  9974 | D:8      | Reached skill level 12 in Air Magic
 10088 | D:8      | Reached skill level 6 in Conjurations
 10303 | D:8      | Noticed a two-headed ogre
 10305 | D:8      | Killed a two-headed ogre
 10306 | D:8      | Reached skill level 6 in Fighting
 10521 | D:8      | Identified the staff "Juiduowo" {rElec rF+ Will+ Str-4 Fire
                  | Earth}
 10691 | D:9      | Reached * piety under Vehumet
 10691 | D:9      | Offered knowledge of Kiss of Death by Vehumet.
 10692 | D:9      | Reached skill level 7 in Conjurations
 11179 | D:8      | Reached skill level 13 in Air Magic
 11253 | D:9      | Reached skill level 7 in Fighting
 11278 | D:9      | Reached skill level 8 in Conjurations
 11437 | D:9      | Reached XP level 11. HP: 67/67 MP: 4/21
 11798 | D:8      | Noticed a green ugly thing
 11798 | D:8      | Noticed a green ugly thing
 12053 | D:8      | Killed a red ugly thing
 12271 | D:8      | Found a sacrificial altar of Ru.
 12274 | D:8      | Killed a green ugly thing
 12795 | D:8      | Found a transporter.
 13052 | D:6      | Noticed Jeremiah
 13066 | D:6      | Killed Jeremiah
 13067 | D:6      | Reached skill level 9 in Conjurations
 13447 | D:6      | Found an opulent altar of Gozag.
 13656 | D:6      | Offered knowledge of Poisonous Vapours by Vehumet.
 13666 | D:6      | Reached ** piety under Vehumet
 14359 | D:6      | Found a burning altar of Makhleb.
 14481 | D:9      | Reached skill level 8 in Fighting
 14951 | D:9      | Reached skill level 14 in Air Magic
 15099 | D:9      | Found a staircase to the Lair.
 15226 | D:9      | Noticed a two-headed ogre
 15230 | D:9      | Killed a two-headed ogre
 15484 | D:10     | Entered Level 10 of the Dungeon
 15793 | D:10     | Offered knowledge of Dazzling Flash by Vehumet.
 15904 | D:10     | Reached skill level 10 in Conjurations
 16493 | D:10     | Reached *** piety under Vehumet
 16636 | D:10     | Found a hide-covered altar of Uskayaw.
 17049 | Lair:1   | Entered Level 1 of the Lair of Beasts
 17054 | Lair:1   | Offered knowledge of Stone Arrow by Vehumet.
 17055 | Lair:1   | Reached skill level 9 in Fighting
 17130 | Lair:1   | Identified a potion of resistance
 17189 | Lair:1   | Noticed a boulder beetle
 17226 | Lair:1   | Killed a boulder beetle
 17353 | Lair:1   | Reached XP level 12. HP: 75/76 MP: 12/22
 17354 | Lair:1   | Reached skill level 11 in Conjurations
 17373 | Lair:1   | Noticed Amaemon
 17559 | D:9      | Killed Amaemon
 17560 | D:9      | Reached skill level 15 in Air Magic
 17756 | Lair:1   | Learned a level 3 spell: Stone Arrow
 18035 | Lair:1   | Reached skill level 1 in Earth Magic
 18538 | Lair:1   | Reached **** piety under Vehumet
 19411 | Lair:2   | Offered knowledge of Yara's Violent Unravelling by Vehumet.
 19412 | Lair:2   | Reached skill level 2 in Earth Magic
 19695 | Lair:2   | Noticed a skyshark
 19699 | Lair:2   | Killed a skyshark
 19700 | Lair:2   | Reached skill level 10 in Fighting
 19700 | Lair:2   | Reached skill level 12 in Conjurations
 20220 | Lair:2   | Reached skill level 3 in Earth Magic
 20377 | Lair:2   | Reached skill level 16 in Air Magic
 20519 | Lair:2   | Found a staircase to the Shoals.
 21086 | Lair:2   | Reached skill level 13 in Conjurations
 21086 | Lair:2   | Reached XP level 13. HP: 80/82 MP: 8/23
 21233 | Lair:2   | Reached skill level 4 in Earth Magic
 21907 | Lair:3   | Found a staircase to the Snake Pit.
 22401 | Lair:3   | Reached ***** piety under Vehumet
 22607 | Lair:2   | Offered knowledge of Iskenderun's Battlesphere by Vehumet.
 22635 | Lair:2   | Learned a level 5 spell: Iskenderun's Battlesphere
 23930 | Lair:4   | Reached skill level 17 in Air Magic
 24017 | Lair:4   | Found a staircase to the Slime Pits.
 24437 | Lair:4   | Reached skill level 14 in Conjurations
 24437 | Lair:4   | Reached skill level 5 in Earth Magic
 25888 | Lair:5   | Entered Level 5 of the Lair of Beasts
 26667 | Lair:5   | Reached skill level 11 in Fighting
 26757 | Lair:5   | Noticed Rupert
 26765 | Lair:5   | Killed Rupert
 26977 | Lair:5   | Reached XP level 14. HP: 90/90 MP: 15/24
 27136 | Lair:5   | Reached skill level 15 in Conjurations
 27138 | Lair:5   | Reached skill level 18 in Air Magic
 27296 | Lair:5   | Noticed Urug
 27336 | Lair:5   | Killed Urug
 27810 | Lair:5   | Learned a level 4 spell: Flame Wave
 28039 | Lair:5   | Reached skill level 1 in Fire Magic
 28871 | Lair:5   | Reached skill level 2 in Fire Magic
 29507 | Lair:5   | Offered knowledge of Plasma Beam by Vehumet.
 29806 | Lair:4   | Reached skill level 12 in Fighting
 29806 | Lair:4   | Reached skill level 3 in Fire Magic
 30475 | Lair:5   | Reached skill level 16 in Conjurations
 30845 | Lair:5   | Reached skill level 4 in Fire Magic
 31888 | Lair:5   | Identified a scroll of acquirement
 32091 | Lair:5   | Acquired a book of Dangerous Friends
 32241 | Lair:5   | Reached skill level 19 in Air Magic
 34038 | Lair:4   | Reached skill level 7 in Spellcasting
 34824 | D:4      | Noticed Natasha
 34825 | D:4      | Killed Natasha
 34834 | D:4      | Noticed Natasha
 34836 | D:4      | Killed Natasha
 34997 | D:4      | Noticed Natasha
 34998 | D:4      | Killed Natasha
 35350 | D:11     | Reached XP level 15. HP: 97/97 MP: 8/26
 35917 | D:11     | Found a glowing golden altar of the Shining One.
 36237 | D:11     | Learned a level 7 spell: Orb of Destruction
 36603 | D:11     | Reached skill level 8 in Spellcasting
 36604 | D:11     | Identified the +1 leather armour of Iheag {rPois rN++}
 36866 | D:11     | Found a staircase to the Orcish Mines.
 36926 | Orc:1    | Entered Level 1 of the Orcish Mines
 36927 | Orc:1    | Noticed an orc warlord
 37465 | D:11     | Killed an orc warlord
 37799 | D:11     | Offered knowledge of Eringya's Noxious Bog by Vehumet.
 38100 | Orc:1    | Found a runed translucent gate.
 38101 | Orc:1    | Found a runed translucent gate.
 38102 | Orc:1    | Found a runed translucent gate.
 38103 | Orc:1    | Noticed Geivij's ghost (journeyman TeDe)
 38105 | Orc:1    | Identified the +0 plate armour "Rizihy" {+Inv}
 38112 | Orc:1    | Identified the +2 glaive "Rowoah" {holy, Int+2}
 38222 | Orc:1    | You are sucked into a shaft and drop 1 floor!
 38222 | Orc:2    | Entered Level 2 of the Orcish Mines
 38236 | Orc:2    | Noticed Nessos
 38399 | Orc:2    | Noticed Josephine
 38516 | Orc:1    | Killed Josephine
 39624 | Orc:2    | Paralysed by an orc sorcerer for 3 turns
 40075 | Orc:2    | HP: 3/97 [Nessos/arrow (15)]
 40075 | Orc:2    | Shot with an arrow by Nessos

Vanquished Creatures
  Rupert (Lair:5)
  An orc warlord (D:11)
  Josephine (Orc:1)
  A fire dragon (Lair:5)
  5 hydras
  3 two-headed ogres
  2 boulder beetles
  10 death yaks
  Urug (Lair:5)
  Amaemon (D:9)
  2 skysharks
  A swamp dragon (Lair:5)
  3 ugly things
  A wolf spider (Lair:5)
  3 orc sorcerers (Orc:2)
  4 manticores
  18 elephants
  2 cyclopes
  10 black mambas
  A guardian serpent (Lair:5)
  An orange demon (Lair:1)
  11 cane toads
  A kobold demonologist (D:11)
  Jeremiah (D:6)
  An unseen horror (D:10)
  5 rime drakes
  11 komodo dragons
  3 trolls
  4 hornets
  12 blink frogs
  A spriggan (Lair:2)
  14 wyverns
  5 wraiths
  42 yaks
  4 vampire mosquitoes
  8 basilisks
  5 steam dragons
  A redback (Lair:5)
  4 wargs
  3 acid dragons
  24 water moccasins
  A swamp drake (Lair:5)
  36 orc warriors
  2 black bears
  9 ogres
  25 wolves
  9 centaurs
  4 phantoms (D:4)
  5 kobold brigands
  15 bullfrogs
  4 scorpions
  A gnoll sergeant (D:9)
  5 wights (D:9)
  9 killer bees (D:10)
  3 howler monkeys (D:10)
  A centaur zombie (D:4)
  3 hounds
  A bullfrog skeleton (D:4)
  19 orc priests
  3 gnoll boudas
  5 jellies
  3 sleepcaps
  3 iguanas
  Ijyb (D:4)
  Natasha (thrice) (D:4)
  A scorpion zombie (D:4)
  26 orc wizards
  3 hound zombies (D:4)
  2 hound skeletons (D:4)
  Robin (D:2)
  11 gnolls
  9 adders
  A shadow imp (D:6)
  3 white imps
  2 ufetubi (D:5)
  An adder zombie (D:4)
  An adder skeleton (D:4)
  A worm (D:3)
  4 dart slugs
  74 orcs
  9 ball pythons
  3 bats
  9 endoplasms
  6 giant cockroaches
  17 goblins
  11 hobgoblins
  16 jackals
  19 kobolds
  3 quokkas
  4 rats
639 creatures vanquished.

Table legend: (Time is in decaauts)
 A = Elapsed time spent in this place.
 B = Non-inter-level travel time spent in this place.
 C = Inter-level travel time spent in this place.
 D = Time resting spent in this place.
 E = Time spent auto-exploring this place.
 F = Levels seen in this place.
 G = Mean time per level.
                   A        B        C        D        E       F      G
               +--------+--------+--------+--------+--------+-----+--------+
         Total |  40137 |  37693 |   2444 |   9822 |  22341 |  19 | 2112.5 |
       Dungeon |  20995 |  19336 |   1659 |   3637 |  13011 |  11 | 1908.6 |
        Temple |    373 |    369 |      4 |    336 |      0 |   1 |  373.0 |
          Lair |  16693 |  15946 |    747 |   4593 |   8849 |   5 | 3338.6 |
  Orcish Mines |   2075 |   2042 |     33 |   1256 |    481 |   2 | 1037.5 |
               +--------+--------+--------+--------+--------+-----+--------+

Top non-repeatable levels by time:
  Lair:5: 5639 daAuts
     D:8: 4599 daAuts
  Lair:4: 4248 daAuts
  Lair:1: 2643 daAuts
    D:11: 2583 daAuts
  Lair:3: 2169 daAuts
     D:4: 2064 daAuts
  Lair:2: 1992 daAuts
     D:9: 1762 daAuts
     D:7: 1640 daAuts
     D:6: 1580 daAuts
     D:2: 1561 daAuts
    D:10: 1557 daAuts
   Orc:1: 1454 daAuts
     D:3: 1224 daAuts

Table legend:
 A = Non-vault XP
 B = Vault XP
 C = Vault XP percentage of total XP
 D = Non-vault monster count
 E = Vault monster count
 F = Vault count percentage of total count
                 A         B        C        D         E       F
            +---------+---------+-------+---------+---------+-------
      Total |   69400 |   31974 |  31.5 |     468 |     171 |  26.8
            +---------+---------+-------+---------+---------+-------
        D:1 |      54 |       0 |   0.0 |      29 |       0 |   0.0
        D:2 |      91 |      36 |  28.3 |      17 |      11 |  39.3
        D:3 |     149 |       0 |   0.0 |      19 |       0 |   0.0
        D:4 |     549 |     615 |  52.8 |      26 |      15 |  36.6
        D:5 |     706 |       0 |   0.0 |      22 |       0 |   0.0
        D:6 |    1004 |     388 |  27.9 |      24 |       1 |   4.0
        D:7 |     540 |       3 |   0.6 |      21 |       1 |   4.5
        D:8 |    2970 |    3996 |  57.4 |      27 |       8 |  22.9
        D:9 |    2351 |    1765 |  42.9 |      21 |      13 |  38.2
       D:10 |    2489 |     101 |   3.9 |      28 |       4 |  12.5
       D:11 |    7336 |     671 |   8.4 |      48 |      17 |  26.2
     Temple |     150 |       0 |   0.0 |       5 |       0 |   0.0
     Lair:1 |    7105 |     416 |   5.5 |      29 |       1 |   3.3
     Lair:2 |    7740 |    1848 |  19.3 |      32 |       8 |  20.0
     Lair:3 |    3788 |     877 |  18.8 |      17 |       1 |   5.6
     Lair:4 |   13376 |     197 |   1.5 |      33 |       8 |  19.5
     Lair:5 |   16082 |   17009 |  51.4 |      45 |      52 |  53.6
      Orc:1 |     248 |    1335 |  84.3 |       4 |       3 |  42.9
      Orc:2 |    2672 |    2717 |  50.4 |      21 |      28 |  57.1
            +---------+---------+-------+---------+---------+-------

Levels and vault maps discovered:
D:1:      mrwooster_arrival_statue_2, layout_basic, serial_forest,
          infiniplex_forest_lined_corner, infiniplex_forest_end_1,
          infiniplex_forest_clump_curved, infiniplex_forest_end_2,
          infiniplex_forest_clump_curved
D:2:      layout_basic, uniq_robin
D:3:      layout_loops_ring, minmay_gold_behind_fungi, corexii_corridor_pit
D:4:      layout_loops_ring, serial_undead, serial_undead_b, serial_undead_d,
          serial_undead_f, serial_undead_e, serial_undead_a, serial_undead_f,
          uniq_natasha, uniq_ijyb
D:5:      layout_loops_cross, ashenzari_conservatory_becter,
          minmay_temple_entry_ruins, serial_shops, shop
D:6:      layout_loops_ring, lightli_temple_of_fire, grunt_gozag_statues,
          nicolae_houndstooth_variations, uniq_jeremiah
D:7:      layout_loops_ring, marbit_many_paths
D:8:      minmay_blocky_corners, layout_gridville, amcnicky_altar_gilded,
          nicolae_two_hexagons, nicolae_diode_stairs
D:9:      layout_cave_pools, erik_lair_orcish_takeover, serial_park_tiny_2,
          minmay_quadrilaterals
D:10:     layout_irregular_city, nicolae_uskayaw_dance_studio
D:11:     layout_loops_corners, david_orc_4, nicolae_tso_swordbearing_angel,
          uniq_gastronok
Temple:   nicolae_temple_elliptical
Lair:1:   layout_regular_city, uniq_amaemon
Lair:2:   layout_chaotic_city, minmay_shoals_entry_beasts, grunt_megastairs_1
Lair:3:   layout_hall_layers, dummy_snake_entry, grunt_forest_large_clearing_hut
Lair:4:   layout_roguey, nicolae_slime_entry_slimehenge
Lair:5:   hangedman_lair_tendril_chambers, layout_small_grid,
          guppyfry_lair_end_dragon, uniq_rupert, uniq_urug
Orc:1:    layout_caves, biasface_ghost_orc_armoury, nicolae_orc_tapped_out
Orc:2:    st_orc_rangers, layout_caves, serial_shops, nicolae_shop_mannequins,
          mines_bat_river, uniq_josephine, uniq_nessos
